cohdb
Replays
Latest Replays
All Replays
Popular Replays
Top Player Replays
Match Explorer
How It Works
Community
CoH3 Stats
Reddit
Sign in to upload your games and track your stats! →
Sign in with Steam
Match 47388252
Unlisted
Match 47388252
Overview
Messages
Build Orders
End
Construct Weapon Support Center
Selects Special Operations Battlegroup
Selects M29 Weasel Recon Vehicle
M29 Weasel Recon Vehicle
Scout Squad
M1919 Machine Gun Team
M1919 Machine Gun Team
Construct Barracks
Bazooka Squad
Construct Medical Station
Riflemen Squad
Selects Raiding Flares
Infantry Support Center
Selects SSF Commando Squad
SSF Commando Squad
M3 Armored Personnel Carrier
Riflemen Squad
SSF Commando Squad
Grenade Package
Engineer Squad
Selects P-47 Anti-Infantry Loiter
Survival Training
Advanced Logistics
Selects M4A1 Sherman Whizbang
Niker1
.Cthulhu.
ConcernedApe
badiba
0
0
Comments
sign in to comment!
No comments posted yet!